 Seeded DCSS version 0.30-a0-715-gdb4ae3ece1 (webtiles) character file.

Game seed: 5430720872467839093 (custom seed)

1 valliere the Scratcher (level 1, 9/9 HPs)
             Began as a Felid Transmuter on Jan 24, 2023.
             Quit the game on level 1 of the Dungeon.
             The game lasted 00:00:22 (63 turns).

valliere the Scratcher (Felid Transmuter)             Turns: 63, Time: 00:00:23

Health: 9/9        AC:  1    Str:  5    XL:     1   Next: 16%
Magic:  4/4        EV: 18    Int: 13    God:
Gold:   9          SH:  0    Dex: 20    Spells: 3/4 levels left
                                        Lives:  0   Deaths: 0

rFire   . . .      SeeInvis +      - Unarmed
rCold   . . .      Faith    .    (shield unavailable)
rNeg    . . .      Spirit   .    (body armour unavailable)
rPois   .          Reflect  .    (helmet unavailable)
rElec   .          Harm     .    (cloak unavailable)
rCorr   .          Rampage  .    (gloves unavailable)
Will    .....                    (boots unavailable)
Stlth   ++                       (no amulet)
HPRegen 0.21/turn                (no ring)
MPRegen 0.09/turn                (no ring)

@: quick
A: very small, claws 1, fangs 3, see invisible, speed 1, shaggy fur 1, stealthy
paws, no weapons or thrown items, no armour, multi-lived, agile 1, deterioration
2, inability to drink after injury 1
a: no special abilities


You were on level 1 of the Dungeon.
You visited 1 branch of the dungeon, and saw 1 of its levels.

You collected 9 gold pieces.

Inventory:

Potions
 a - a potion of lignification


   Skills:
 - Level 1.0 Fighting
 + Level 2.7 Dodging
 + Level 0.0 Stealth
 * Level 3.0 Unarmed Combat
 + Level 2.0 Spellcasting
 * Level 2.2 Transmutations


You had 3 spell levels left.
You knew the following spells:

 Your Spells              Type           Power      Damage    Failure   Level
a - Beastly Appendage     Tmut           14%        N/A       11%         1

Your spell library contained the following spells:

 Spells                   Type           Power      Damage    Failure   Level
 Wereblood                Tmut           7%         N/A       16%         2
 Spider Form              Tmut/Pois      4%         N/A       43%         3
 Ice Form                 Ice/Tmut       4%         N/A       85%         4


Dungeon Overview and Level Annotations

Branches:
Dungeon (1/15)

Altars:


Innate Abilities, Weirdness & Mutations

You have sharp claws.
You have razor-sharp teeth.
You have supernaturally acute eyesight. (SInv)
You cover ground quickly. (Speed+)
You are covered in fur. (AC +1)
Your paws help you pounce on unaware monsters.
You are incapable of wielding weapons or throwing items.
You cannot wear armour.
You gain extra lives every three experience levels.
You are agile. (Dex +4, Str/Int -1)
Your body often deteriorates upon taking damage.
You occasionally lose the ability to drink potions when taking damage.


Message History

Welcome, valliere the Felid Transmuter.
Game seed: 5430720872467839093 (custom seed) Press ? for a list of commands and other information.
Found 9 gold pieces.
Found a staircase leading out of the dungeon.
You now have 9 gold pieces.
A kobold comes into view. It is wielding a +0 short sword.
The kobold shouts!
A kobold is nearby!
The kobold hits you with a +0 short sword.
You scratch the kobold.
You kill the kobold!
No target in view!
HP restored.
Things that are here:
a +0 short sword; a kobold corpse
b - a viscous brown potion A jackal comes into view.
The jackal barks!
You hear a bark!
You hear a shout!
A jackal comes into view. x2
There are monsters nearby!
It was a potion of mutation.
You feel extremely strange.
You occasionally lose the ability to drink potions when taking damage.
You feel yourself wasting away.
You feel your body start to fall apart.
You feel agile.
Are you sure you want to abandon this character and quit the game? (Confirm with "yes".)

#####.# ###.....#
........# .# #.....#
...##.....#
.........###
..#.......# #.......# .
#...@...########
....####h#####........#
.........# ########.#
.h...##### #.# .#. #.#
#)# #.# #.# #.#


You could see a jackal.

Vanquished Creatures
  A kobold (D:1)
1 creature vanquished.

Notes
Turn   | Place    | Note
-------+----------+-------------------------------------------
     0 | D:1      | valliere the Felid Transmuter began the quest for the Orb.
     0 | D:1      | Reached XP level 1. HP: 9/9 MP: 4/4
    60 | D:1      | Gained mutation: You occasionally lose the ability to drink
                  | potions when taking damage. [potion of mutation]
    60 | D:1      | Gained mutation: Your body sometimes deteriorates upon
                  | taking damage. [potion of mutation]
    60 | D:1      | Gained mutation: Your body often deteriorates upon taking
                  | damage. [potion of mutation]
    60 | D:1      | Gained mutation: You are agile. (Dex +4, Str/Int -1)
                  | [potion of mutation]
    63 | D:1      | Quit the game

Illustrated notes

Levels and vault maps discovered:
D:1:      dpeg_arrival_boxes_within_box, layout_basic

Action                     || total
---------------------------++-------
  Melee: Unarmed           ||     1
    Use: Potion            ||     1

Table legend: (Time is in decaauts)
 A = Elapsed time spent in this place.
 B = Non-inter-level travel time spent in this place.
 C = Inter-level travel time spent in this place.
 D = Time resting spent in this place.
 E = Time spent auto-exploring this place.
 F = Levels seen in this place.
 G = Mean time per level.
                   A        B        C        D        E       F      G
               +--------+--------+--------+--------+--------+-----+--------+
         Total |     52 |     52 |      0 |      0 |     42 |   1 |   52.0 |
       Dungeon |     52 |     52 |      0 |      0 |     42 |   1 |   52.0 |
               +--------+--------+--------+--------+--------+-----+--------+

Top non-repeatable levels by time:
     D:1: 52 daAuts
